 Dungeon Crawl Stone Soup version 0.21.1-1-g345015f (webtiles) character file.

450 kae the Insei (level 7, -1/45 HPs)
             Began as an Octopode Transmuter on May 26, 2018.
             Slain by a gnoll
             ... wielding a +0 halberd
              (6 damage)
             ... on level 4 of the Dungeon.
             The game lasted 00:03:17 (4699 turns).

kae the Insei (Octopode Transmuter)                 Turns: 4699, Time: 00:03:18

Health: -1/45      AC:  1    Str:  9    XL:     7   Next: 4%
Magic:  11/11      EV: 20    Int: 15    God:
Gold:   342        SH:  0    Dex: 20    Spells: 5/11 levels left

rFire    . . .     SeeInvis .     - Unarmed
rCold    . . .     Gourm    .   (no shield)
rNeg     . . .     Faith    .   (helmet restricted)
rPois    .         Spirit   .   (no amulet)
rElec    .         Reflect  .   (no ring)
rCorr    .         Harm     .   (no ring)
MR       .....                  (no ring)
Stlth    ++++......             (no ring)
HPRegen  0.15/turn              (no ring)
MPRegen  0.12/turn              (no ring)
                                (no ring)
                                (no ring)

@: agile, lethally poisoned (-1 -> -4)
A: almost no armour, stealthy swim, amphibious, 8 rings, constrict 8, camouflage
1, gelatinous body 1
a: no special abilities


You were on level 4 of the Dungeon.
You were not hungry.

You visited 1 branch of the dungeon, and saw 4 of its levels.

You collected 342 gold pieces.

Inventory:

Missiles
 a - 112 arrows
Jewellery
 i - an uncursed ring of positive energy {unknown}
Wands
 p - a wand of flame (36)
Scrolls
 e - 3 scrolls of fog {unknown}
 f - 6 scrolls of remove curse {unknown}
 g - 4 scrolls of identify {unknown}
 h - a scroll of amnesia {unknown}
 j - a scroll of fear {unknown}
 k - 2 scrolls of random uselessness {unknown}
 m - a scroll of teleportation {unknown}
 n - a scroll of blinking {unknown}
 o - a scroll of noise {unknown}
 q - a scroll of immolation {unknown}
Potions
 d - 2 potions of flight
 l - a potion of cancellation
 r - a potion of curing
Books
 b - a book of Changes

   Spells                             Type                      Level
   a - Beastly Appendage              Transmutation                1
   b - Sticks to Snakes               Transmutation                2
   c - Spider Form                    Transmutation/Poison         3
   d - Ice Form                       Ice/Transmutation            4
   e - Blade Hands                    Transmutation                5
Comestibles
 c - 9 rations


   Skills:
 + Level 2.6 Fighting
 + Level 3.1 Dodging
 * Level 4.8 Unarmed Combat
 + Level 2.9 Spellcasting
 * Level 4.4 Transmutations


You had 5 spell levels left.
You knew the following spells:

 Your Spells              Type           Power        Failure   Level  Hunger
a - Beastly Appendage     Tmut           ###...       3%          1    #......
b - Sticks to Snakes      Tmut           ###.....     4%          2    ##.....
c - Spider Form           Tmut/Pois      #.........   24%         3    ###....


Dungeon Overview and Level Annotations

Branches:
Dungeon (4/15)
 Temple: D:4-7

Altars:
Fedhas
Gozag
Hepliaklqana
Makhleb
Vehumet
The Shining One


Innate Abilities, Weirdness & Mutations

You cannot wear most types of armour.
You are very stealthy in the water. (Stealth+)
You are amphibious.
You can wear up to eight rings at the same time.
You can use your tentacles to constrict eight enemies at once.
Your skin changes colour to match your surroundings (Stealth+).
Your rubbery body absorbs attacks. (AC +1, EV +1)


Message History

You constrict the worker ant. The worker ant barely misses you.
The gnoll hits you from afar with a halberd!
* * * LOW HITPOINT WARNING * * *
The worker ant misses you.
You tentacle-slap the worker ant.
The worker ant is moderately wounded.
You constrict the worker ant. The gnoll closely misses you.
The worker ant completely misses you.
You tentacle-slap the worker ant.
The worker ant is heavily wounded.
You constrict the worker ant. The worker ant bites you.
* * * LOW HITPOINT WARNING * * *
You are poisoned.
The worker ant poisons you!
You bludgeon the worker ant!
You kill the worker ant!
You have reached level 7!
You feel sick.
The gnoll hits you from afar with a halberd.
You die...

#...##..## #.......'...##..
.......## #(......#...####
.......## ##.....##...# #
........# ##...###...# #.
...#....### ######### #...##..
..........# #....g.####...#...
.#._.#..##### #g#......##...g..g
.......## #.# #†##a....##..a#...
...#...# #.####@##......#...##..
.......# #......####........# #.
.....### ##.##### #############
##....## #.### #..# ##..#
#......## ##...######..#####..##
#.......###.....##...........##
.............................##
.....##.......................##
.....##........................##


You could see a gnoll.

Vanquished Creatures
  A bullfrog (D:4)
  A howler monkey (D:2)
  A bullfrog skeleton (D:4)
  2 orc wizards
  Jessica (D:2)
  4 worker ants (D:4)
  4 adders
  2 worms
  4 dart slugs
  2 leopard geckos
  9 orcs
  5 bats
  3 giant cockroaches
  9 goblins
  17 hobgoblins
  7 jackals
  4 kobolds
  A quokka (D:2)
  2 ball pythons
  2 frilled lizards
  A leopard gecko skeleton (D:4)
  5 rats
87 creatures vanquished.

Notes
Turn   | Place    | Note
-------+----------+-------------------------------------------
     0 | D:1      | kae the Octopode Transmuter began the quest for the Orb.
     0 | D:1      | Reached XP level 1. HP: 13/13 MP: 3/3
    78 | D:1      | Reached XP level 2. HP: 15/18 MP: 3/5
   419 | D:1      | Reached XP level 3. HP: 18/23 MP: 6/6
   482 | D:1      | Learned a level 2 spell: Sticks to Snakes
   486 | D:1      | Learned a level 3 spell: Spider Form
  1122 | D:2      | Reached XP level 4. HP: 9/28 MP: 5/7
  1313 | D:2      | Noticed Jessica
  1346 | D:2      | Killed Jessica
  1346 | D:2      | Reached XP level 5. HP: 20/34 MP: 3/8
  2141 | D:3      | Found a glowing golden altar of the Shining One.
  2287 | D:3      | Found a hazy altar of Hepliaklqana.
  2776 | D:3      | Found an opulent altar of Gozag.
  3143 | D:4      | Reached XP level 6. HP: 28/39 MP: 9/9
  3287 | D:4      | Found a radiant altar of Vehumet.
  3497 | D:4      | Found a blossoming altar of Fedhas.
  4567 | D:4      | Found a burning altar of Makhleb.
  4699 | D:4      | Reached XP level 7. HP: 6/45 MP: 11/11
  4699 | D:4      | Slain by a gnoll

Skill      XL: |  1  2  3  4  5  6 |
---------------+-------------------+-----
Transmutations | 3 4 |  4.4
Unarmed Combat | 4 |  4.8
Fighting       | 2 |  2.6
Dodging        | 3 |  3.1
Spellcasting   | |  2.9

Action                   |  1- 3 |  4- 6 |  7- 9 || total
-------------------------+-------+-------+-------++-------
Melee: Unarmed           |    95 |   132 |       ||   227
       Constrict         |    23 |    25 |       ||    48
       Kick              |     9 |    11 |       ||    20
       Tentacles         |    11 |    13 |       ||    24
       Punch             |       |     2 |       ||     2
 Cast: Beastly Appendage |     7 |     7 |       ||    14
       Spider Form       |     1 |     4 |       ||     5
  Use: Potion            |     1 |     4 |       ||     5
 Stab: Sleeping          |     2 |     4 |       ||     6
  Eat: Chunk             |     1 |     6 |       ||     7
       Ration            |       |     2 |       ||     2
Armor: Skin              |     5 |     9 |       ||    14
Dodge: Dodged            |    51 |    99 |       ||   150
